 Dungeon Crawl Stone Soup version 0.19-a0-1719-g84977a8 (webtiles) character file.

90904 TheGoonsmith the Unseen (level 15, -7/73 HPs)
             Began as a Spriggan Enchanter on Sept 28, 2016.
             Was the Champion of Ashenzari.
             Mangled by a spriggan rider
             ... wielding a +0 spear
              (19 damage)
             ... on level 13 of the Dungeon on Sept 29, 2016.
             The game lasted 01:47:12 (35819 turns).

TheGoonsmith the Unseen (Spriggan Enchanter)       Turns: 35819, Time: 01:47:13

Health: -7/73      AC:  6    Str:  4    XL:     15   Next: 53%
Magic:  9/28       EV: 39    Int: 22    God:    Ashenzari [******]
Gold:   1992       SH:  9    Dex: 22    Spells: 5 memorised, 12 levels left

rFire  . . .     SeeInvis +     b - +6 long sword "Juroc" {venom, Int+4}
rCold  . . .     Gourm    .     l - +1 robe {Archmagi} (curse)
rNeg   . . .     Faith    +     C - +0 buckler (curse)
rPois  +         Spirit   .     (helmet restricted)
rElec  .         Dismiss  .     q - +1 cloak (curse)
rCorr  .         Reflect  .     (gloves unavailable)
MR     ++...     Harm     .     (boots unavailable)
Stlth  ++++++++.. Clarity  +    d - amulet of faith (curse)
                                f - ring of poison resistance (curse)
                                y - +4 ring of evasion (curse)

@: very quick
A: unfitting armour, see invisible, herbivore 3, speed 3, slow metabolism 2
a: Curse Item, Scrying, Transfer Knowledge, Renounce Religion


You were on level 13 of the Dungeon.
You worshipped Ashenzari.
Ashenzari was exalted by your worship.
You were very hungry.

You visited 3 branches of the dungeon, and saw 21 of its levels.
You also visited: Volcano.

You collected 2629 gold pieces.
You spent 637 gold pieces at shops.

Inventory:

Hand Weapons
 a - a +1 dagger of venom
 b - the +6 long sword "Juroc" (weapon) {venom, Int+4}
   (You found it on level 3 of the Lair of Beasts)

   It poisons the flesh of those it strikes.
   It affects your intelligence (+4).
 T - the +3 sling "Punk" {acid, rCorr}
   (You found it on level 6 of the Lair of Beasts)

   It protects you from acid and corrosion.
 U - a +0 blowgun
Missiles
 o - 85 poisoned needles
 t - 3 throwing nets (quivered)
 V - 2 curare-tipped needles
Armour
 l - a cursed +1 robe of the Archmagi (worn)
 q - a cursed +1 cloak (worn)
 C - a cursed +0 buckler (worn)
Jewellery
 d - a cursed amulet of faith (around neck)
 f - a cursed ring of poison resistance (right hand)
 y - a cursed +4 ring of evasion (left hand)
 K - an uncursed ring of wizardry
 O - an uncursed ring of protection from magic
 R - an uncursed ring of protection from fire
Wands
 c - a wand of iceblast (0/15)
 s - a wand of polymorph (17/24)
 v - a wand of teleportation (7/9)
 x - a wand of lightning (0/15)
 B - a wand of heal wounds (3/9)
 F - a wand of iceblast (6/15)
 N - a wand of iceblast (8/15)
 P - a wand of polymorph (14/24)
 Q - a wand of iceblast (4/15)
Scrolls
 h - 5 scrolls of amnesia
 m - 8 scrolls of teleportation
 n - a scroll of enchant weapon
 r - 7 scrolls of identify
 A - a scroll of remove curse
 D - a scroll of fog
 E - 3 scrolls of magic mapping
 S - 2 scrolls of blinking
Potions
 e - 2 potions of haste
 g - 2 potions of cancellation
 i - 7 potions of heal wounds
 j - a potion of might
 k - 3 potions of invisibility
 p - 3 potions of agility
 u - 2 potions of brilliance
 w - 3 potions of flight
 z - 5 potions of curing
 H - a potion of berserk rage
 I - 4 potions of resistance
Books
 M - a book of Debilitation

   Spells                             Type                      Level
   a - Corona                         Hexes                        1
   b - Slow                           Hexes                        2
   c - Gell's Gravitas                Hexes/Translocation          3
   d - Inner Flame                    Hexes/Fire                   3
   e - Cause Fear                     Hexes                        4
   f - Leda's Liquefaction            Hexes/Earth                  4
Comestibles
 G - 8 royal jellies
 J - 3 slices of pizza
 L - 13 fruits


   Skills:
 + Level 5.8 Fighting
 - Level 10.3(14.6) Short Blades
 - Level 13.3(14.0) Long Blades
 - Level 13.9(16.5) Dodging
 - Level 15.1(17.6) Stealth
 - Level 5.0(8.0) Shields
 - Level 8.1 Spellcasting
 - Level 2.1(5.5) Conjurations
 - Level 10.2(14.4) Hexes
 - Level 10.2(14.5) Evocations


You had 12 spell levels left.
You knew the following spells:

 Your Spells              Type           Power        Failure   Level  Hunger
a - Alistair's Intoxicat  Tmut/Pois      ###.....     98%         5    #####..
b - Tukima's Dance        Hex            #######.     1%          3    None
c - Confuse               Hex            #######.     1%          3    None
d - Dazzling Spray        Conj/Hex       ######       1%          3    None
e - Cause Fear            Hex            #######...   1%          4    ###....


Dungeon Overview and Level Annotations

Branches:
Dungeon (13/15)            Temple (0/1) D:5            Lair (6/6) D:8
  Swamp (0/4) Lair:2        Snake (0/4) Lair:4        Slime (0/5) Lair:5
    Orc (2/2) D:10            Elf (0/3) Orc:2
 Vaults: D:13-14

Altars:
Ashenzari
Cheibriados
Dithmenos
Fedhas
Gozag
Hepliaklqana
Nemelex Xobeh
Sif Muna
Trog
Yredelemnul
Zin
Beogh
Jiyva

Shops:
D:9 *   D:11 }   Orc:2 [*=(

Annotations:
Lair:5 1 runed door


Innate Abilities, Weirdness & Mutations

You are very small and have problems with some larger weapons.
You are too small for most types of armour.
You have supernaturally acute eyesight. (SInv)
You are a herbivore.
You cover ground extremely quickly.
You need consume almost no food.


Message History

an uncursed hand axe; a +0 ring mail; a shapeshifter corpse You closely miss the spriggan rider.
You hit the spriggan rider but do no damage.
The spriggan rider is poisoned.
The spriggan rider hits you with a spear!!
You closely miss the spriggan rider.
Your +1 dagger of venom stops dripping with poison.
The +6 long sword "Juroc" {venom, Int+4} begins to drip with poison!
b - the +6 long sword "Juroc" (weapon)
{venom, Int+4} The spriggan rider hits you but does no damage.
You slash the spriggan rider!
The spriggan rider looks as sick as possible!
The spriggan rider is moderately wounded.
You hit the spriggan rider.
The spriggan rider looks as sick as possible!
The spriggan rider is moderately wounded.
The spriggan rider hits you with a spear!
* * * LOW HITPOINT WARNING * * *
The spriggan rider hits you from afar with a spear!!
You die...

** ** * *
** *, ****
* *, ,*, ,
* ♣♣♣* *
*, * * * *
♣♣.$♣,* *,
,* , * *
♣.!.. *, ,
* ♣.%..
,,, *, *
♣?... * *
, * *
♣...♣♣♣ *
,, ,* ,*
**♣i)@♣♣
** , , {*
♣)♣♣.♣♣
*,, ,*, *
*♣ ♣♣ ♣♣.♣
, ♣. ♣.♣♣
, ,, , , *
♣.♣♣ ♣♣.♣
*, , *,
*♣..* ♣.♣♣
,,*,,,
♣.♣♣♣♣♣♣♣
♣♣.♣ *∆
,** *
♣..♣♣...♣♣
♣.♣♣ < ,,
♣..♣.♣♣.♣♣
♣♣.♣ , *


You could see a spriggan rider.

Vanquished Creatures
  Rupert (Lair:6)
  Kirke (Lair:5)
  A stone giant (Orc:1)
  2 entropy weavers (Lair:6)
  A red draconian (Volcano)
  Snorg (Lair:4)
  3 ettins
  The ghost of Eucla the Cleaver, a journeyman TrBe of Trog (Lair:2)
  8 hydras
  An ice dragon (Lair:6)
  2 catoblepae (Lair:6)
  4 death yaks
  A queen ant (Lair:6)
  Urug (Lair:5)
  3 skeletal warriors
  An unseen horror (D:11)
  A lindwurm (Lair:6)
  A deep elf mage (Volcano)
  An orc sorcerer (Orc:2)
  6 hill giants
  10 cyclopes
  A hornet (shapeshifter) (D:13)
  An ugly thing (D:11)
  9 elephants
  3 manticores
  6 black mambas
  Maurice (D:9)
  The ghost of Eucla the Cleaver, a novice DDMo (D:5)
  Joseph (D:7)
  7 torpor snails
  14 spiny frogs
  A gargoyle (D:11)
  13 komodo dragons
  5 rime drakes
  A kobold demonologist (D:13)
  4 trolls
  17 blink frogs
  2 polar bears
  2 two-headed ogres
  4 tyrant leeches (Lair:6)
  3 slime creatures (D:13)
  5 dream sheep (Lair:5)
  7 hippogriffs
  9 spriggans (D:13)
  A shadow (D:11)
  2 hogs (Lair:5)
  3 wyverns
  A steam dragon (D:9)
  2 wraiths (D:13)
  42 yaks
  A hungry ghost (D:12)
  6 vampire mosquitoes
  7 basilisks
  Menkaure (D:4)
  A warg (Orc:1)
  6 nagas (Lair:4)
  20 soldier ants
  A dancing weapon (D:3)
  20 water moccasins
  7 porcupines
  The ghost of TheGoonsmith the Sneak, an amateur SpEn (D:4)
  5 ice beasts
  2 sky beasts (D:7)
  16 orc warriors
  3 black bears
  2 eyes of draining (D:3)
  9 wasps
  5 ogres
  3 phantoms
  2 boggarts (D:13)
  8 wolves
  4 centaurs
  15 crocodiles
  3 big kobolds
  18 bullfrogs
  A wyvern skeleton (D:11)
  4 scorpions
  17 killer bees
  9 wights
  3 howler monkeys
  10 crimson imps
  4 jellies
  2 quasits (D:9)
  3 bullfrog skeletons
  2 bullfrog zombies
  9 hounds
  13 orc priests
  2 centaur skeletons
  5 iguanas
  25 worker ants
  27 orc wizards
  A hound zombie (D:11)
  A hound skeleton (D:4)
  A worker ant zombie (D:7)
  5 gnolls
  2 howler monkey skeletons
  17 adders
  42 river rats
  3 shadow imps
  8 worms
  6 leopard geckos
  73 orcs
  5 bats
  8 giant cockroaches
  8 hobgoblins
  6 jackals
  10 quokkas
  2 ball pythons
  10 frilled lizards
  3 goblins (D:2)
  16 kobolds
  2 quokka zombies
  4 rats
  A butterfly (Lair:3)
  2 fungi (Lair:4)
  3 plants
760 creatures vanquished.

Vanquished Creatures (collateral kills)
  4 death yaks (Lair:6)
  2 skeletal warriors (D:11)
  A spiny frog (Lair:6)
  2 yaks (Lair:6)
  A soldier ant (Lair:6)
  A water moccasin (Lair:6)
  A centaur (D:11)
  An orc priest (Orc:1)
  3 gnolls
  An adder (D:11)
  3 orcs
  A giant cockroach (D:3)
  A kobold (D:3)
22 creatures vanquished.

Vanquished Creatures (others)
  A human (Lair:5)
  7 dancing weapons
  A boggart (D:13)
  28 fungi
  24 plants
61 creatures vanquished.

Grand Total: 843 creatures vanquished

Notes
Turn   | Place    | Note
-------+----------+-------------------------------------------
     0 | D:1      | TheGoonsmith the Spriggan Enchanter began the quest for the Orb.
     0 | D:1      | Reached XP level 1. HP: 9/9 MP: 5/5
    51 | D:1      | Found a shattered altar of Ashenzari.
    56 | D:1      | Became a worshipper of Ashenzari the Shackled
   314 | D:1      | Reached XP level 2. HP: 13/13 MP: 6/6
   519 | D:1      | Reached skill level 5 in Stealth
  1201 | D:2      | Reached XP level 3. HP: 16/16 MP: 8/8
  1858 | D:2      | Learned a level 3 spell: Tukima's Dance
  1862 | D:2      | Learned a level 3 spell: Confuse
  2145 | D:2      | Reached XP level 4. HP: 21/21 MP: 3/9
  2731 | D:3      | Found a blossoming altar of Fedhas.
  2979 | D:2      | Reached skill level 6 in Stealth
  3713 | D:3      | Reached XP level 5. HP: 23/24 MP: 1/10
  4139 | D:3      | Found a bloodstained altar of Trog.
  4140 | D:3      | Noticed an eye of draining
  4722 | D:3      | Noticed an eye of draining
  4794 | D:3      | Killed an eye of draining
  4794 | D:3      | Reached skill level 5 in Hexes
  4794 | D:3      | Reached XP level 6. HP: 28/28 MP: 0/13
  5113 | D:4      | Noticed TheGoonsmith's ghost (amateur SpEn)
  5496 | D:4      | Reached skill level 1 in Fighting
  5565 | D:4      | Reached XP level 7. HP: 34/34 MP: 7/14
  5682 | D:4      | Killed TheGoonsmith's ghost
  6080 | D:4      | Learned a level 5 spell: Alistair's Intoxication
  6083 | D:4      | Noticed Menkaure
  6147 | D:4      | Killed Menkaure
  6147 | D:4      | Reached skill level 5 in Short Blades
  6176 | D:4      | Reached * piety under Ashenzari
  6481 | D:5      | Entered Level 5 of the Dungeon
  6627 | D:5      | Reached XP level 8. HP: 42/42 MP: 11/15
  6662 | D:5      | Noticed Eucla's ghost (novice DDMo)
  6740 | D:5      | Killed Eucla's ghost
  7154 | D:5      | Found a staircase to the Ecumenical Temple.
  7668 | D:5      | Reached skill level 5 in Dodging
  7691 | D:5      | Reached skill level 7 in Stealth
  7818 | D:5      | Reached ** piety under Ashenzari
  8495 | D:6      | Reached skill level 8 in Stealth
  8495 | D:6      | Reached XP level 9. HP: 42/45 MP: 13/16
  8689 | D:7      | Reached skill level 9 in Stealth
  9399 | D:7      | Noticed Joseph
  9430 | D:7      | Killed Joseph
  9430 | D:7      | Reached skill level 10 in Stealth
  9661 | D:7      | Reached skill level 11 in Stealth
  9791 | D:7      | Reached skill level 10 in Dodging
 10173 | D:8      | Reached XP level 10. HP: 39/49 MP: 10/17
 10807 | D:8      | Found a staircase to the Lair.
 11355 | Lair:1   | Entered Level 1 of the Lair of Beasts
 11355 | Lair:1   | Noticed a spiny frog
 11357 | Lair:1   | Killed a spiny frog
 11357 | Lair:1   | Reached skill level 10 in Short Blades
 11365 | Lair:1   | Reached skill level 1 in Evocations
 11385 | Lair:1   | Reached *** piety under Ashenzari
 11645 | Lair:1   | Reached skill level 5 in Evocations
 12120 | Lair:1   | Noticed a black mamba
 12149 | Lair:1   | Killed a black mamba
 12361 | Lair:1   | Noticed a black mamba
 12397 | Lair:1   | Killed a black mamba
 12532 | Lair:1   | Reached XP level 11. HP: 39/53 MP: 6/19
 12535 | Lair:1   | Reached skill level 10 in Evocations
 13045 | Lair:1   | Got the whip of Ixon {flame, rElec rF+ MP+9}
 13046 | Lair:1   | Identified the +6 whip of Ixon {flame, rElec rF+ MP+9} (You found it on level 1 of the Lair of Beasts)
 13587 | Lair:1   | Identified the +2 plate armour of Ybumuo Awiuv {Int+3}
 13643 | Lair:1   | Reached skill level 12 in Stealth
 14470 | Lair:1   | Learned a level 3 spell: Dazzling Spray
 14478 | Lair:2   | Noticed Eucla's ghost (journeyman TrBe)
 14577 | Lair:1   | Reached skill level 1 in Conjurations
 15425 | Lair:2   | Found a staircase to the Swamp.
 16228 | Lair:2   | Killed Eucla's ghost
 16228 | Lair:2   | Reached skill level 10 in Hexes
 16604 | Lair:3   | Reached XP level 12. HP: 31/58 MP: 14/20
 16776 | Lair:3   | Reached skill level 5 in Spellcasting
 16861 | Lair:3   | Noticed a death yak
 16863 | Lair:3   | Noticed a death yak
 16865 | Lair:3   | Killed a death yak
 17439 | Lair:3   | Noticed a six-headed hydra
 17869 | Lair:3   | Killed a death yak
 18418 | Lair:3   | Got the long sword "Juroc" {venom, Int+4}
 18419 | Lair:3   | Identified the +6 long sword "Juroc" {venom, Int+4} (You found it on level 3 of the Lair of Beasts)
 18760 | Lair:4   | Reached skill level 5 in Fighting
 19051 | Lair:4   | Reached **** piety under Ashenzari
 19147 | Lair:4   | Reached skill level 13 in Stealth
 19535 | Lair:4   | Noticed Snorg
 19537 | Lair:4   | Noticed an eight-headed hydra
 19587 | Lair:4   | Killed a nine-headed hydra
 19613 | Lair:4   | Killed Snorg
 19613 | Lair:4   | Reached skill level 14 in Stealth
 19831 | Lair:4   | Found a staircase to the Snake Pit.
 20457 | Lair:4   | Found a glowing silver altar of Zin.
 20857 | D:9      | Noticed Maurice
 20887 | D:9      | Killed Maurice
 21017 | D:9      | Found Xoxois's Changing Room.
 21136 | D:9      | Reached skill level 15 in Stealth
 21445 | D:9      | Reached XP level 13. HP: 63/63 MP: 26/26
 21460 | D:9      | Found a snail-covered altar of Cheibriados.
 21460 | D:9      | Found an opulent altar of Gozag.
 21461 | D:9      | Found a shadowy altar of Dithmenos.
 21462 | D:9      | Found a deep blue altar of Sif Muna.
 21462 | D:9      | Found a basalt altar of Yredelemnul.
 21463 | D:9      | Found a sparkling altar of Nemelex Xobeh.
 22064 | D:10     | Entered Level 10 of the Dungeon
 22077 | D:10     | Reached ***** piety under Ashenzari
 22294 | D:10     | Found a staircase to the Orcish Mines.
 22430 | D:10     | Reached skill level 1 in Long Blades
 23003 | D:10     | Found a bloodstained altar of Trog.
 23383 | Orc:1    | Entered Level 1 of the Orcish Mines
 23695 | Orc:1    | Reached skill level 1 in Shields
 23700 | Orc:1    | Found a roughly hewn altar of Beogh.
 23898 | Orc:2    | Entered Level 2 of the Orcish Mines
 23898 | Orc:2    | Found Leatuur's General Store.
 23898 | Orc:2    | Noticed a stone giant
 24333 | Orc:2    | Noticed an ettin
 24379 | Orc:1    | Killed a stone giant
 24389 | Orc:1    | Killed an ettin
 24769 | Orc:2    | Found Radurr's Jewellery Shoppe.
 24887 | Orc:2    | Found Ulaje's Antique Armour Emporium.
 24887 | Orc:2    | Noticed an ettin
 24917 | Orc:1    | Killed an ettin
 25019 | Orc:2    | Reached skill level 5 in Shields
 25173 | Orc:2    | Found Xueckut's Antique Weapon Shoppe.
 25173 | Orc:2    | Noticed an ettin
 25181 | Orc:2    | Killed an ettin
 25229 | Orc:2    | Found a staircase to the Elven Halls.
 25614 | Orc:2    | Bought a scroll of magic mapping for 35 gold pieces
 25888 | D:10     | Reached skill level 5 in Long Blades
 26048 | D:11     | Found Etsimouz's Gadget Shoppe.
 26102 | D:11     | Bought a box of beasts for 280 gold pieces
 26102 | D:11     | Bought a wand of lightning (6/15) for 140 gold pieces
 26102 | D:11     | Bought a wand of iceblast (9/15) for 182 gold pieces
 26422 | D:11     | Reached ****** piety under Ashenzari
 26481 | D:11     | Upgraded the game from 0.19-a0-1714-gcab94ab to 0.19-a0-1719-g84977a8
 26768 | Lair:3   | Reached XP level 14. HP: 68/68 MP: 21/27
 26811 | Lair:5   | Noticed Kirke
 26857 | Lair:5   | Killed Kirke
 26915 | Lair:5   | Found a runed door.
 26919 | Lair:5   | Found a viscous altar of Jiyva.
 26920 | Lair:5   | Found a staircase to the Slime Pits.
 26947 | Lair:5   | Found a dark tunnel.
 26965 | Volcano  | Entered a volcano
 27352 | Lair:5   | Learned a level 4 spell: Cause Fear
 28424 | Lair:5   | Noticed Urug
 28436 | Lair:5   | Killed Urug
 28673 | Lair:6   | Entered Level 6 of the Lair of Beasts
 28754 | Lair:6   | Noticed Rupert
 28873 | Lair:6   | Killed Rupert
 29202 | Lair:6   | Reached skill level 10 in Long Blades
 30366 | Lair:6   | Noticed an entropy weaver
 30419 | Lair:6   | Killed an entropy weaver
 31052 | Lair:6   | Noticed an entropy weaver
 31408 | Lair:6   | Killed an entropy weaver
 32254 | Lair:6   | Reached XP level 15. HP: 69/72 MP: 22/28
 32325 | Lair:6   | Found a runed door.
 34576 | D:12     | Found a hazy altar of Hepliaklqana.
 35819 | D:13     | Mangled by a spriggan rider

Vault maps used:
D:1:      minmay_arrival_four_loops, ashenzari_altar_1
D:2:      first_bread, kennysheep_generic_room_15
D:3:      lemuel_crystal_altar, trog_eyes_of_draining
D:4:      uniq_menkaure
D:5:      minmay_misc_feat_tiny
D:7:      minmay_opposing_rooms, uniq_joseph
D:8:      lair_0_dummy, hangedman_pestilent_swarm, hex_medium
D:9:      grunt_temple_overflow_open, nicolae_transmutations_shop, uniq_maurice
D:10:     hiddenorc1_lemuel, david_defended_altar_orc
D:11:     serial_shops, shop
D:12:     basic_altar
D:13:     kb_forest_paths
Lair:1:   minmay_guarded_unrand_snakebite, beast_lair_carwin_8
Lair:2:   minmay_swamp_entry_swarm
Lair:3:   st_stairs_8, lemuel_fruit_fields
Lair:4:   minmay_snake_entry_guardpost_medium, basic_altar,
          roderic_lost_polar_bear, uniq_snorg
Lair:5:   slime_altar_2, nicolae_volcano_entry_s_turn, uniq_urug, uniq_kirke
Lair:6:   hangedman_lair_in_review, wormcave, zaba_antful_of_joy, uniq_rupert
Orc:1:    basic_altar, nicolae_orc_crystal_geode
Orc:2:    grunt_orc_gardens, grunt_orc_garden, grunt_orc_garden,
          grunt_orc_garden, grunt_orc_garden
Volcano:  volcano_pools

Skill      XL: |  1  2  3  4  5  6  7  8  9 10 11 12 13 14 15 |
---------------+----------------------------------------------+-----
Stealth        | 5 6 8 11 12 15 | 15.1
Short Blades   | 2 4 5 8 9 10 | 10.3
Dodging        | 4 6 10 11 13 | 13.9
Spellcasting   | 4 8 |  8.1
Hexes          | 5 6 10 | 10.2
Fighting       | 1 3 4 5 |  5.8
Evocations     | 9 10 | 10.2
Conjurations   | 2 |  2.1
Long Blades    | 7 11 13 | 13.3
Shields        | 5 |  5.0

Action                   |  1- 3 |  4- 6 |  7- 9 | 10-12 | 13-15 || total
-------------------------+-------+-------+-------+-------+-------++-------
Melee: Dagger            |   163 |   375 |   475 |  1154 |  1145 ||  3312
       Long sword        |       |       |       |       |   942 ||   942
 Cast: Confuse           |     4 |    26 |    60 |   158 |   214 ||   462
       Tukima's Dance    |       |    15 |     7 |       |     5 ||    27
       Dazzling Spray    |       |       |       |     7 |    26 ||    33
       Cause Fear        |       |       |       |       |    37 ||    37
Invok: Curse Item        |     1 |       |       |     4 |     2 ||     7
       Scrying           |       |       |       |       |     1 ||     1
Evoke: Wand              |       |       |       |     3 |    20 ||    23
       Box of beasts     |       |       |       |       |     2 ||     2
  Use: Scroll            |       |    11 |     9 |     6 |     4 ||    30
 Stab: Sleeping          |     7 |    13 |    16 |    30 |    35 ||   101
       Confused          |     4 |     6 |    34 |    85 |   168 ||   297
       Distracted        |       |     2 |     2 |     5 |    10 ||    19
       Invisible         |       |       |       |     2 |     1 ||     3
       Fleeing           |       |       |       |       |    11 ||    11
       Petrified         |       |       |       |       |     4 ||     4
       Petrifying        |       |       |       |       |     1 ||     1
  Eat: Bread ration      |       |     2 |     1 |     3 |     3 ||     9
       Pizza             |       |       |     1 |     1 |     1 ||     3
       Royal jelly       |       |       |       |       |     2 ||     2
Armor: Robe              |    20 |    33 |    29 |    30 |    40 ||   152
Dodge: Dodged            |   110 |   212 |   227 |   621 |  1084 ||  2254
Block: Buckler           |       |       |       |       |   471 ||   471
